 Dungeon Crawl Stone Soup version 0.24.0-13-gcf9b3192b9 (webtiles) character file.

Game seed: 11628381399677368804, levelgen mode: deterministic

153 Gumption the Sneak (level 5, -1/24 HPs)
             Began as a Spriggan Enchanter on Nov 7, 2019.
             Killed by divine providence
             ... invoked by an orc priest
              (11 damage)
             ... on level 3 of the Dungeon.
             The game lasted 00:25:50 (3092 turns).

Gumption the Sneak (Spriggan Enchanter)             Turns: 3092, Time: 00:25:51

Health: -1/24      AC:  3    Str:  4    XL:     5   Next: 12%
Magic:  2/11       EV: 19    Int: 17    God:
Gold:   111        SH:  0    Dex: 17    Spells: 2/11 levels left

rFire    . . .     SeeInvis +   a - +1 dagger
rCold    . . .     Gourm    .   (shield restricted)
rNeg     . . .     Faith    .   b - +1 robe
rPois    .         Spirit   .   (helmet restricted)
rElec    .         Reflect  .   (no cloak)
rCorr    .         Harm     .   (gloves unavailable)
MR       .....                  (boots unavailable)
Stlth    +++.......             (no amulet)
HPRegen  0.08/turn              (no ring)
MPRegen  0.12/turn              (no ring)

@: very quick
A: very small, unfitting armour, see invisible, herbivore, speed 3, slow
metabolism 2
a: no special abilities


You were on level 3 of the Dungeon.
You were not hungry.

You visited 1 branch of the dungeon, and saw 3 of its levels.

You collected 111 gold pieces.

Inventory:

Hand Weapons
 a - a +1 dagger (weapon)
Missiles
 c - 84 stones (quivered)
 i - 52 sling bullets
Armour
 b - a +1 robe (worn)
Scrolls
 e - 2 scrolls of enchant armour
 f - 3 scrolls of teleportation
 h - 2 scrolls of identify {unknown}
 l - a scroll of fear {unknown}
 o - a scroll of blinking {unknown}
Potions
 g - a potion of flight {unknown}
 j - a potion of heal wounds {unknown}
 k - a potion of degeneration {unknown}
 m - a potion of mutation {unknown}
 n - a potion of might {unknown}
Comestibles
 d - 4 rations


   Skills:
 + Level 1.4 Short Blades
 + Level 4.0 Dodging
 + Level 5.4 Stealth
 + Level 3.5 Spellcasting
 + Level 4.8 Hexes
 + Level 1.6 Ice Magic


You had 2 spell levels left.
You knew the following spells:

 Your Spells              Type           Power        Failure   Level  Hunger
a - Ensorcelled Hibernat  Hex/Ice        ##....       7%          2    ##.....
b - Corona                Hex            ###....      2%          1    None
c - Confuse               Hex            ###.....     7%          3    ###....
d - Tukima's Dance        Hex            ###.....     7%          3    ###....

Your spell library contained the following spells:

 Spells                   Type           Power        Failure   Level  Hunger
 Dazzling Spray           Conj/Hex       ##....       19%         3    ###....


Dungeon Overview and Level Annotations

Branches:
Dungeon (3/15)

Altars:
Okawaru


Innate Abilities, Weirdness & Mutations

You are very small and have problems with some larger weapons.
You are too small for most types of armour.
You have supernaturally acute eyesight. (SInv)
You are a herbivore.
You cover ground extremely quickly.
You need to consume almost no food.


Message History

Casting: Ensorcelled Hibernation (safe; 7% risk of failure)
Confirm with . or Enter, or press ? or * to list all spells.
You don't have enough magic to cast that spell.
The orc shouts!
You hear a shout!
You see here a frilled lizard skeleton.
The orc priest mumbles some strange prayers to Beogh against you.
Beogh smites you!
Ouch! That really hurt!
You hit the orc.
The orc is heavily wounded.
The orc hits you.
You hit the orc.
The orc is severely wounded.
The orc misses you.
You hit the orc.
The orc is almost dead.
The orc barely misses you.
The orc priest mumbles some strange prayers to Beogh against you.
Beogh smites you!
You die...

#.#.##.# #.#.##.# #########
#.#.##.# #...[...# ###
#.#.##.#######.#####.###..
#>.....................#..
#.....).................(.
.o.....##.##.........#####.#....
##o###.##.################.##†##
#.#......o@÷.o........##.##
#.#..########...########..#
#.#..# #.#.#.# ##.# ..#..#
#.#.#.# #.# ###..#
#<#.#.#########..
#..######.#.#..........).
#.........#...........##.
#....################.###
#.................†...# #


You could see an orc priest and an orc.

Vanquished Creatures
  An orc wizard (D:3)
  Natasha (thrice) (D:2)
  2 adders (D:3)
  2 dart slugs (D:1)
  An orc (D:3)
  3 goblins
  A hobgoblin (D:2)
  5 kobolds
  A quokka (D:3)
  8 bats
  2 frilled lizards (D:3)
  6 rats
35 creatures vanquished.

Notes
Turn   | Place    | Note
-------+----------+-------------------------------------------
     0 | D:1      | Gumption the Spriggan Enchanter began the quest for the
                  | Orb.
     0 | D:1      | Reached XP level 1. HP: 9/9 MP: 5/5
     2 | D:1      | Found an iron altar of Okawaru.
   483 | D:1      | Reached XP level 2. HP: 13/13 MP: 6/6
   487 | D:1      | Learned a level 2 spell: Ensorcelled Hibernation
  1269 | D:2      | Noticed Natasha
  1294 | D:2      | Killed Natasha
  1294 | D:2      | Reached skill level 1 in Ice Magic
  1294 | D:2      | Reached XP level 3. HP: 16/16 MP: 8/8
  1299 | D:2      | Learned a level 3 spell: Confuse
  1571 | D:2      | Noticed Natasha
  1961 | D:2      | Killed Natasha
  1961 | D:2      | Reached skill level 5 in Stealth
  1961 | D:2      | Reached XP level 4. HP: 21/21 MP: 4/9
  2008 | D:2      | Learned a level 3 spell: Tukima's Dance
  2547 | D:2      | Noticed Natasha
  2551 | D:2      | Killed Natasha
  3063 | D:3      | Reached XP level 5. HP: 24/24 MP: 4/11
  3092 | D:3      | Killed from afar by an orc priest

Levels and vault maps discovered:
D:1:      sevenhm_arrival_forest_fort_small_6, layout_basic
D:2:      layout_loops_ring, uniq_natasha
D:3:      layout_basic, kennysheep_generic_room_3

Skill      XL: |  1  2  3  4 |
---------------+-------------+-----
Hexes          | 4 |  4.8
Spellcasting   | 3 |  3.5
Ice Magic      | 1 |  1.6
Stealth        | 5 |  5.4
Dodging        | 4 |  4.0
Short Blades   | |  1.4

Action                   |  1- 3 |  4- 6 || total
-------------------------+-------+-------++-------
Melee: Dagger            |    81 |    14 ||    95
Throw: Stone             |     1 |       ||     1
 Cast: Corona            |    23 |       ||    23
       Ensorcelled Hiber |     2 |    15 ||    17
       Confuse           |     1 |       ||     1
  Use: Scroll            |     2 |       ||     2
 Stab: Sleeping          |     8 |    10 ||    18
       Distracted        |     1 |       ||     1
       Confused          |     1 |       ||     1
Armor: Robe              |    16 |     1 ||    17
Dodge: Dodged            |    71 |     3 ||    74
